[Event "WSTCC-65 2024"]
[Site "Krakow"]
[Date "2024.07.05"]
[Round "4.18"]
[White "Pruefer, Friedbert"]
[Black "Gasik, Piotr"]
[Result "1-0"]
[ECO "A83"]
[WhiteElo "2214"]
[BlackElo "1954"]
[Annotator "TA"]
[PlyCount "35"]
[EventDate "2024.07.01"]
[EventType "team-tourn"]
[EventCountry "POL"]
[SourceTitle "playchess.com"]
[Source "ChessBase"]
[SourceQuality "1"]
[TimeControl "40/5400+30:1800+30"]

1. d4 f5 2. e4 fxe4 3. Nc3 Nf6 4. Bg5 g6 5. h4 d5 6. h5 {[%emt 0:01:20] [#] Bxf6 would now be deadly.} Bg4 (6... Bf5 $11) 7. Be2 $14 Bxe2 8. Qxe2 {[%emt 0:00:20] aiming for Bxf6.} Bg7 (8... Nc6 $14) 9. h6 $18 Bf8 10. f3 {[%emt 0:05:56] White has more active pieces.} Qd6 {[%emt 0:09:03] [#] ...Qg3+ is the strong threat.} 11. O-O-O (11. fxe4 Qg3+ 12. Kd1 Qxg5 $17) 11... exf3 (11... Qa6 $16 12. Bxf6 (12. fxe4 Qxe2 13. Ngxe2 dxe4 $18) 12... Qxe2 13. Ngxe2 exf6) 12. Nxf3 c6 {[%emt 0:00:06] Prevents Nb5} 13. Rh4 $36 {[%emt 0:08:32][%mdl 2048] White is in control.} Nbd7 $2 (13... Na6 14. Re1 Rg8) 14. Bf4 Qb4 15. Ng5 {[%emt 0:01:33] Inhibits Ne4.} Nh5 $2 (15... e5 16. a3 (16. Bxe5 Qe7 $16) (16. dxe5 Nh5 $18) 16... Qc4) 16. Rxh5 gxh5 17. Qxh5+ Kd8 18. Ne6+ {[%emt 0:00:27] Black got outplayed after the opening.   Weighted Error Value: White=0.12 (very precise) /Black=1.27.  Mistake:       	---       	Black=4      Inaccurate:     	---       	Black=2      OK:         	White=3     	Black=3      Best:        	White=3     	Black=1} 1-0

[Event "WSTCC-65 2024"]
[Site "Krakow"]
[Date "2024.07.05"]
[Round "4.18"]
[White "O`Neill, Julie Anne"]
[Black "Booth, Anthony"]
[Result "1-0"]
[ECO "D94"]
[WhiteElo "1806"]
[BlackElo "1742"]
[Annotator "NA RC"]
[PlyCount "95"]
[EventDate "2024.07.01"]
[EventType "team-tourn"]
[EventCountry "POL"]
[SourceTitle "playchess.com"]
[Source "ChessBase"]
[SourceQuality "1"]
[TimeControl "40/5400+30:1800+30"]

1. d4 Nf6 2. Nf3 g6 3. c4 d5 4. e3 Bg7 5. Nc3 O-O 6. Be2 c6 7. O-O Nbd7 8. Qc2 Qc7 9. h3 e5 10. Rd1 Re8 11. Qb3 exd4 12. Nxd4 Nc5 13. Qc2 Bf5 14. Nxf5 gxf5 15. cxd5 cxd5 16. Qxf5 Re5 17. Qc2 Nce4 18. Bd3 Rae8 19. Nxe4 Qxc2 20. Nxf6+ Bxf6 21. Bxc2 Rd8 22. Bd2 Re6 23. Bc3 Bxc3 24. bxc3 Rc6 25. Bb3 Rxc3 26. Bxd5 Rd7 27. e4 Kg7 28. Rab1 b6 29. Rb3 Rxb3 30. axb3 Kf6 31. f4 Rc7 32. Rd3 Rc2 33. Bc4 Ke7 34. e5 Ra2 35. f5 a6 36. f6+ Ke8 37. Bd5 Rc2 38. Rg3 Re2 39. Rg8+ Kd7 40. Bxf7 Rxe5 41. Bh5 Rxh5 42. f7 Rf5 43. f8=Q Rxf8 44. Rxf8 Ke7 45. Rb8 b5 46. Ra8 Kd6 47. Rxa6+ Kc5 48. Rh6 1-0

[Event "WSTCC-65 2024"]
[Site "Krakow"]
[Date "2024.07.05"]
[Round "4.19"]
[White "Pietrzak, Janusz"]
[Black "Baum, Bernd"]
[Result "0-1"]
[ECO "B56"]
[WhiteElo "1919"]
[BlackElo "2203"]
[Annotator "RC"]
[PlyCount "238"]
[EventDate "2024.07.01"]
[EventType "team-tourn"]
[EventCountry "POL"]
[SourceTitle "playchess.com"]
[Source "ChessBase"]
[SourceQuality "1"]
[TimeControl "40/5400+30:1800+30"]

1. e4 c5 2. Nf3 Nc6 3. d4 cxd4 4. Nxd4 Nf6 5. Nc3 d6 6. Be3 Ng4 7. Bc1 Qb6 8. Be3 Nxe3 9. fxe3 e6 10. Na4 Qd8 11. Bd3 Bd7 12. Nc3 Qh4+ 13. g3 Qh6 14. Qf3 Be7 15. Nxc6 bxc6 16. O-O O-O 17. Rae1 Rab8 18. b3 Bf6 19. Nd1 Be5 20. Nf2 Bc3 21. Rd1 e5 22. Bc4 Qg6 23. Rd3 Ba5 24. Rfd1 Bc7 25. Kg2 Kh8 26. R3d2 f5 27. Bd3 fxe4 28. Qxe4 Qh5 29. Qh4 Qxh4 30. gxh4 Ba5 31. Re2 d5 32. c4 Be8 33. Rc2 Bb6 34. c5 Bd8 35. e4 Bxh4 36. Ng4 Rf4 37. Nxe5 dxe4 38. Bc4 Bf6 39. Nf7+ Bxf7 40. Bxf7 Rf8 41. Bc4 Be5 42. Rf1 g5 43. b4 R8f6 44. a4 Rh6 45. Rxf4 gxf4 46. b5 f3+ 47. Kh1 e3 48. b6 axb6 49. cxb6 f2 50. Kg2 Rxh2+ 51. Kf1 Rh1+ 52. Kg2 Rg1+ 53. Kf3 f1=Q+ 54. Bxf1 Rxf1+ 55. Kxe3 Ra1 56. Rxc6 Rxa4 57. Re6 Bh2 58. b7 Rb4 59. Re7 h6 60. Kf3 Kg8 61. Re6 Kg7 62. Re2 Bb8 63. Re7+ Kf6 64. Rh7 Kg6 65. Re7 Rb3+ 66. Kg2 Bf4 67. Re4 Bc7 68. Rc4 Rxb7 69. Rc6+ Kg5 70. Rc2 Bf4 71. Kh1 Rb1+ 72. Kg2 Kg4 73. Ra2 h5 74. Ra8 h4 75. Rg8+ Bg5 76. Kh2 Rb2+ 77. Kg1 Kf4 78. Kh1 Bf6 79. Rg2 Rb6 80. Rf2+ Kg3 81. Rg2+ Kf3 82. Rg1 Bd4 83. Rf1+ Kg3 84. Rd1 Be3 85. Re1 Rb3 86. Rf1 Bf2 87. Rd1 Kf3 88. Ra1 Bd4 89. Rd1 Bb6 90. Ra1 Bf2 91. Rc1 Ke2 92. Rc2+ Kf1 93. Rc1+ Be1 94. Kh2 Rd3 95. Ra1 Kf2 96. Ra2+ Bd2 97. Rb2 Kf3 98. Kh3 Bc3 99. Rc2 Bf6 100. Rc1 Kf2+ 101. Kg4 Rg3+ 102. Kf5 Bd8 103. Rc2+ Kg1 104. Kf4 Rg2 105. Rc3 Kh2 106. Rc8 Bg5+ 107. Kf3 h3 108. Rh8 Rg3+ 109. Kf2 Be3+ 110. Kf1 Bd4 111. Rd8 Rg1+ 112. Ke2 Be5 113. Rd5 Rg5 114. Kf3 Rg3+ 115. Kf2 Bc7 116. Rb5 Rg7 117. Kf1 Rf7+ 118. Ke2 Kg2 119. Rg5+ Bg3 0-1

[Event "WSTCC-65 2024"]
[Site "Krakow"]
[Date "2024.07.05"]
[Round "4.20"]
[White "Glaessl, Matthias"]
[Black "Kot, Jerzy"]
[Result "1/2-1/2"]
[ECO "B76"]
[WhiteElo "2196"]
[BlackElo "2019"]
[Annotator "RC"]
[PlyCount "82"]
[EventDate "2024.07.01"]
[EventType "team-tourn"]
[EventCountry "POL"]
[SourceTitle "playchess.com"]
[Source "ChessBase"]
[SourceQuality "1"]
[TimeControl "40/5400+30:1800+30"]

1. e4 c5 2. Nf3 d6 3. d4 cxd4 4. Nxd4 Nf6 5. Nc3 g6 6. Be3 Bg7 7. f3 Nc6 8. Qd2 O-O 9. O-O-O Nxd4 10. Bxd4 Be6 11. Kb1 a6 12. Nd5 Bxd5 13. exd5 b5 14. h4 Qc7 15. h5 Qb7 16. Bxf6 Bxf6 17. g3 Rfc8 18. f4 Rc5 19. hxg6 hxg6 20. Bg2 Rac8 21. Be4 Bg7 22. f5 e6 23. fxe6 f5 24. Qh2 Bf6 25. Bf3 Qg7 26. c3 a5 27. Rde1 R8c7 28. Qh6 b4 29. Qxg7+ Kxg7 30. cxb4 axb4 31. Rc1 g5 32. Rxc5 Rxc5 33. Re1 Kf8 34. g4 fxg4 35. Bg2 Be5 36. Rc1 Ke7 37. Rxc5 dxc5 38. b3 Kf6 39. Kc2 Bd6 40. Kd3 Ke5 41. Ke3 Be7 1/2-1/2

[Event "WSTCC-65 2024"]
[Site "Krakow"]
[Date "2024.07.05"]
[Round "4.20"]
[White "Shaughnessy, Elizabeth"]
[Black "Beier, Thomas"]
[Result "0-1"]
[ECO "A45"]
[WhiteElo "1642"]
[BlackElo "1538"]
[Annotator "NA RC"]
[PlyCount "64"]
[EventDate "2024.07.01"]
[EventType "team-tourn"]
[EventCountry "POL"]
[SourceTitle "playchess.com"]
[Source "ChessBase"]
[SourceQuality "1"]
[TimeControl "40/5400+30:1800+30"]

1. d4 Nf6 2. Bf4 c5 3. e3 cxd4 4. exd4 e6 5. c3 b6 6. h3 Bb7 7. Nf3 Be7 8. Bd3 O-O 9. O-O Re8 10. Nbd2 d5 11. Ne5 Nbd7 12. Ndf3 Nxe5 13. Nxe5 h6 14. Qf3 g5 15. Bd2 Rf8 16. Qg3 Ne4 17. Bxe4 dxe4 18. f3 Bd6 19. fxe4 Bxe4 20. Qg4 Bf5 21. Qh5 Bxe5 22. Qxh6 Bg7 23. Qh5 Bxd4+ 24. Kh1 Bf6 25. Rad1 Qe7 26. Rde1 Bg6 27. Qf3 Kg7 28. Qe3 Rad8 29. Qf2 Bd3 30. Rg1 Bf5 31. g4 Qb7+ 32. Rg2 Be4 0-1

[Event "WSTCC-65 2024"]
[Site "Krakow"]
[Date "2024.07.05"]
[Round "4.21"]
[White "Janocha, Wieslaw"]
[Black "Rewitz, Jan"]
[Result "1-0"]
[ECO "B01"]
[WhiteElo "2167"]
[BlackElo "2089"]
[Annotator "RC"]
[PlyCount "31"]
[EventDate "2024.07.01"]
[EventType "team-tourn"]
[EventCountry "POL"]
[SourceTitle "playchess.com"]
[Source "ChessBase"]
[SourceQuality "1"]
[TimeControl "40/5400+30:1800+30"]

1. e4 d5 2. exd5 Nf6 3. d4 Nxd5 4. Nf3 g6 5. c4 Nb6 6. c5 Nd5 7. Bc4 Bg7 8. Nc3 c6 9. O-O O-O 10. Re1 h6 11. Ne5 b6 12. Nxc6 Nxc3 13. Nxd8 Nxd1 14. Nxf7 Nxf2 15. Rxe7 Bxd4 16. Ng5+ 1-0

[Event "WSTCC-65 2024"]
[Site "Krakow"]
[Date "2024.07.05"]
[Round "4.21"]
[White "Idesis, Yaacov"]
[Black "Noone, Joe"]
[Result "1/2-1/2"]
[ECO "A36"]
[WhiteElo "1879"]
[BlackElo "1906"]
[Annotator "NA RC"]
[PlyCount "32"]
[EventDate "2024.07.01"]
[EventType "team-tourn"]
[EventCountry "POL"]
[SourceTitle "playchess.com"]
[Source "ChessBase"]
[SourceQuality "1"]
[TimeControl "40/5400+30:1800+30"]

1. c4 c5 2. Nc3 Nc6 3. g3 g6 4. Bg2 Bg7 5. e3 e5 6. Nge2 Nge7 7. O-O d6 8. b3 Be6 9. Bb2 d5 10. cxd5 Nxd5 11. Nxd5 Bxd5 12. Bxd5 Qxd5 13. d4 cxd4 14. exd4 O-O-O 15. dxe5 Bxe5 16. Qxd5 Rxd5 1/2-1/2

[Event "WSTCC-65 2024"]
[Site "Krakow"]
[Date "2024.07.05"]
[Round "4.22"]
[White "Cordes, Steffen"]
[Black "Swierczewski, Marek"]
[Result "1/2-1/2"]
[ECO "B23"]
[WhiteElo "1989"]
[BlackElo "2059"]
[Annotator "NA RC"]
[PlyCount "33"]
[EventDate "2024.07.01"]
[EventType "team-tourn"]
[EventCountry "POL"]
[SourceTitle "playchess.com"]
[Source "ChessBase"]
[SourceQuality "1"]
[TimeControl "40/5400+30:1800+30"]

1. e4 c5 2. Nc3 e6 3. g3 Nc6 4. Bg2 g6 5. d3 Bg7 6. f4 d6 7. Nf3 Nge7 8. O-O O-O 9. Be3 Nd4 10. Qd2 Rb8 11. Nd1 b5 12. c3 Nxf3+ 13. Bxf3 b4 14. Nf2 bxc3 15. bxc3 Qa5 16. Rfc1 Qa3 17. Nd1 1/2-1/2

[Event "WSTCC-65 2024"]
[Site "Krakow"]
[Date "2024.07.05"]
[Round "4.22"]
[White "Harding, Tim D"]
[Black "Reem, Meir"]
[Result "0-1"]
[ECO "A15"]
[WhiteElo "1945"]
[BlackElo "1866"]
[Annotator "NA RC"]
[PlyCount "74"]
[EventDate "2024.07.01"]
[EventType "team-tourn"]
[EventCountry "POL"]
[SourceTitle "playchess.com"]
[Source "ChessBase"]
[SourceQuality "1"]
[TimeControl "40/5400+30:1800+30"]

1. c4 Nf6 2. Nf3 d6 3. g3 g6 4. Bg2 Bg7 5. Nc3 c6 6. O-O O-O 7. d3 e5 8. Rb1 h6 9. Bd2 a5 10. a3 Na6 11. b4 axb4 12. axb4 Bd7 13. Ne1 Qc8 14. Nc2 Bh3 15. e4 Bxg2 16. Kxg2 Nh5 17. Ne3 Kh7 18. h3 Nc7 19. Qg4 Ne6 20. Kh2 Nf6 21. Qf3 Nd4 22. Qg2 Nh5 23. b5 f5 24. exf5 gxf5 25. bxc6 bxc6 26. f4 Rg8 27. Ne2 exf4 28. Nxf4 Nxf4 29. gxf4 Ra2 30. Rf2 Bf6 31. Qf1 Bh4 32. Rg2 Rxg2+ 33. Nxg2 Rxd2 34. Kh1 Bf6 35. Qe1 Re2 36. Qa5 Qe6 37. Rb7+ Kg6 0-1

[Event "WSTCC-65 2024"]
[Site "Krakow"]
[Date "2024.07.05"]
[Round "4.23"]
[White "Czajkowski, Ryszard"]
[Black "Oehlerich, Per"]
[Result "1/2-1/2"]
[ECO "D45"]
[WhiteElo "1975"]
[BlackElo "1959"]
[Annotator "NA RC"]
[PlyCount "40"]
[EventDate "2024.07.01"]
[EventType "team-tourn"]
[EventCountry "POL"]
[SourceTitle "playchess.com"]
[Source "ChessBase"]
[SourceQuality "1"]
[TimeControl "40/5400+30:1800+30"]

1. d4 d5 2. c4 c6 3. Nc3 Nf6 4. Nf3 e6 5. e3 Be7 6. Bd3 dxc4 7. Bxc4 Nbd7 8. O-O O-O 9. e4 a6 10. e5 Nd5 11. Ne4 b5 12. Bd3 c5 13. Nxc5 Nxc5 14. dxc5 Qc7 15. Qe2 Bb7 16. Bd2 Qxc5 17. Qe4 g6 18. Qg4 Nb4 19. Be4 Bxe4 20. Qxe4 Qd5 1/2-1/2

[Event "WSTCC-65 2024"]
[Site "Krakow"]
[Date "2024.07.05"]
[Round "4.23"]
[White "Gorjaltsan, Eduard"]
[Black "Matthews, Gabriel"]
[Result "0-1"]
[ECO "E30"]
[WhiteElo "1884"]
[BlackElo "1917"]
[Annotator "NA RC"]
[PlyCount "70"]
[EventDate "2024.07.01"]
[EventType "team-tourn"]
[EventCountry "POL"]
[SourceTitle "playchess.com"]
[Source "ChessBase"]
[SourceQuality "1"]
[TimeControl "40/5400+30:1800+30"]

1. d4 Nf6 2. c4 e6 3. Nc3 Bb4 4. Bg5 c5 5. Qb3 Nc6 6. a3 Nxd4 7. Qa4 Bxc3+ 8. bxc3 Nc6 9. Nf3 Qc7 10. Bxf6 gxf6 11. e3 d6 12. Rd1 Bd7 13. Qc2 O-O-O 14. Be2 Ne5 15. Nd2 Bc6 16. O-O h5 17. h3 f5 18. f4 Nd7 19. Nf3 Nf6 20. Kh2 Ne4 21. a4 h4 22. Ra1 Rdg8 23. Bd3 f6 24. Ra2 Rg3 25. a5 Qg7 26. Bxe4 fxe4 27. Ne1 Rxe3 28. Qd2 Rxh3+ 29. gxh3 Qg3+ 30. Kh1 e3+ 31. Qg2 Bxg2+ 32. Rxg2 Qxh3+ 33. Kg1 Qf5 34. Kh2 d5 35. Nc2 Qe4 0-1

[Event "WSTCC-65 2024"]
[Site "Krakow"]
[Date "2024.07.05"]
[Round "4.24"]
[White "Andresen, Hans Jorn"]
[Black "Krupa, Krzysztof"]
[Result "1/2-1/2"]
[ECO "A01"]
[WhiteElo "1953"]
[BlackElo "1947"]
[Annotator "NA RC"]
[PlyCount "26"]
[EventDate "2024.07.01"]
[EventType "team-tourn"]
[EventCountry "POL"]
[SourceTitle "playchess.com"]
[Source "ChessBase"]
[SourceQuality "1"]
[TimeControl "40/5400+30:1800+30"]

1. b3 e5 2. Bb2 Nc6 3. e3 Nf6 4. Bb5 d6 5. Ne2 Bd7 6. O-O Be7 7. c4 O-O 8. Nbc3 a6 9. Bxc6 bxc6 10. f4 e4 11. Ng3 d5 12. d3 exd3 13. Qxd3 Bc5 1/2-1/2

[Event "WSTCC-65 2024"]
[Site "Krakow"]
[Date "2024.07.05"]
[Round "4.24"]
[White "Murray, Jim G."]
[Black "Tsifanskaya, Ludmila A"]
[Result "1/2-1/2"]
[ECO "E10"]
[WhiteElo "1884"]
[BlackElo "1970"]
[Annotator "NA RC"]
[PlyCount "79"]
[EventDate "2024.07.01"]
[EventType "team-tourn"]
[EventCountry "POL"]
[SourceTitle "playchess.com"]
[Source "ChessBase"]
[SourceQuality "1"]
[TimeControl "40/5400+30:1800+30"]

1. d4 Nf6 2. c4 e6 3. Nf3 d5 4. g3 g6 5. Bg2 Bg7 6. O-O O-O 7. Nc3 dxc4 8. Qa4 Bd7 9. Qxc4 Bc6 10. Bg5 h6 11. Bf4 g5 12. Be5 Nbd7 13. Rfd1 Nb6 14. Qd3 Nfd7 15. Bxg7 Kxg7 16. e4 Nf6 17. Ne5 Qe7 18. Nxc6 bxc6 19. e5 Nfd5 20. Ne4 Rad8 21. a3 f5 22. exf6+ Nxf6 23. Qe2 Nxe4 24. Bxe4 Qf6 25. Rac1 Rd6 26. Bxc6 Rxd4 27. Rxd4 Qxd4 28. Be4 Rf7 29. Bb1 Qf6 30. Rc6 Nd5 31. Rxe6 Re7 32. Rxe7+ Nxe7 33. Qc2 c6 34. Qe4 Kf8 35. Qb4 Qe5 36. Ba2 a5 37. Qc4 Ke8 38. Qc2 Kd7 39. Qd2+ Kc7 40. Kg2 1/2-1/2